 Dungeon Crawl Stone Soup version 0.13.0 (webtiles) character file.

364 Malachi the Cudgeler (level 5, -3/32 HPs)
             Began as a Gargoyle Chaos Knight on Oct 12, 2013.
             Was a Plaything of Xom.
             Slain by a worker ant (5 damage)
             ... on Level 4 of the Dungeon.
             The game lasted 00:04:59 (3016 turns).

Malachi the Cudgeler (Gargoyle Chaos Knight)        Turns: 3016, Time: 00:05:01

HP  -3/32        AC  8     Str 16      XL: 5   Next: 81%
MP   5/5         EV 11     Int 13      God: Xom
Gold 161         SH  0     Dex  9      Spells:  0 memorised,  4 levels left

Res.Fire  : . . .   See Invis. : .   a - +1,+0 mace (chaos)
Res.Cold  : . . .   Warding    : .   b - +3 leather armour
Life Prot.: + . .   Conserve   : .   (no shield)
Res.Poison: +       Res.Corr.  : .   (no helmet)
Res.Elec. : +       Clarity    : .   (no cloak)
Sust.Abil.: . .     Spirit.Shd : .   (no gloves)
Res.Mut.  : .       Stasis     : .   (boots unavailable)
Res.Rott. : +       Flight     : .   (no amulet)
Saprovore : . . .                    (no ring)
                                     (no ring)

@: slightly resistant to hostile enchantments, very unstealthy
A: fangs 1, talons 3, deformed body, deterioration 1, life protection 1,
electricity resistance, slow metabolism 1, unbreathing, petrification
resistance, AC +4
a: Renounce Religion


You were on level 4 of the Dungeon.
You worshipped Xom.
You were a plaything of Xom.
You were hungry.

You visited 1 branch of the dungeon, and saw 4 of its levels.

You collected 141 gold pieces.

Inventory:

Hand weapons
 a - a +1,+0 mace of chaos (weapon)
Armour
 b - a +3 leather armour (worn)
 j - a +0 elven scale mail
 t - a +0 pair of boots
Comestibles
 c - 3 bread rations
 k - a pear
 l - a beef jerky
 n - 3 meat rations
 p - 2 rotting chunks of orc flesh
Scrolls
 f - a scroll of enchant armour
 g - 2 scrolls of identify
 i - 2 scrolls of fog
 m - 3 scrolls of fear
 o - 4 scrolls of remove curse
 u - 2 scrolls of teleportation
 v - a scroll of blinking
 w - a scroll of curse jewellery {unknown}
 x - a scroll of curse armour {unknown}
Jewellery
 s - an uncursed ring of ice
 y - an uncursed amulet of faith {unknown}
Potions
 d - a potion of speed
 e - a potion of brilliance {unknown}
 h - 3 potions of heal wounds
 q - a potion of flight
 r - 2 potions of resistance


   Skills:
 + Level 4.3 Fighting
 * Level 5.3 Maces & Flails
 + Level 2.9 Armour
 + Level 1.9 Dodging
 + Level 0.2 Stealth


You had 4 spell levels left.
You didn't know any spells.

Dungeon Overview and Level Annotations

Branches:
Dungeon (4/27)
 Temple: D:4-7

Altars:

Shops:
D:4 }


Innate Abilities, Weirdness & Mutations

You are resistant to torment.
You are immune to poison.
Your stone body is very resilient (AC +4).
You have very sharp teeth.
You have claws for feet.
You resist negative energy.
You are resistant to electric shocks.
You have a slow metabolism.
You can survive without breathing.
You are immune to petrification.
Armour fits poorly on your strangely shaped body.
Your body is slowly deteriorating.


Message History

The worker ant is almost dead.
The worker ant bites you but does no damage.
The worker ant barely misses you.
You hit the worker ant.
You heal the worker ant.
The worker ant is severely wounded.
The worker ant closely misses you. The worker ant bites you.
You barely miss the worker ant.
The worker ant is severely wounded.
The worker ant bites you.
* * * LOW HITPOINT WARNING * * *
The worker ant misses you.
You are too injured to fight recklessly!
You are too injured to fight recklessly!
You closely miss the worker ant.
You bite the worker ant, but do no damage.
The worker ant is severely wounded.
The worker ant bites you!
* * * LOW HITPOINT WARNING * * *
The worker ant bites you.
You die...

### ........ #.....?.#
+.......# #.......#
#.......### #..........
#.#####>!.a......#
#........@.......+
#.........######.#
#.#+###...# #.# #...#
########.+ #...#
.........# #...#
.........# #...#
.........# #...######
.........#####..........


You could see a worker ant (berserk).

Vanquished Creatures
  A giant frog (D:3)
  A gnoll (D:1)
  3 adders
  An inept feature mimic (D:3)
  A worm (D:2)
  2 oozes
  8 orcs
  6 bats
  2 giant cockroaches
  7 goblins
  11 hobgoblins
  7 kobolds
  2 quokkas
  A ball python (D:1)
  2 giant geckos (D:2)
  5 giant newts
  14 rats
74 creatures vanquished.

Vanquished Creatures (others)
  An adder (D:2)
1 creature vanquished.

Grand Total: 75 creatures vanquished

Notes
Turn   | Place    | Note
--------------------------------------------------------------
     0 | D:1      | Malachi, the Gargoyle Chaos Knight, began the quest for the Orb.
     0 | D:1      | Reached XP level 1. HP: 12/12 MP: 1/1
    64 | D:1      | Reached XP level 2. HP: 7/17 MP: 2/2
   383 | D:1      | XOM: harmless Hex miscast
   404 | D:1      | Reached XP level 3. HP: 22/22 MP: 3/3
   414 | D:1      | Reached skill level 4 in Maces & Flails
   523 | D:1      | XOM: divination: detect creatures
   588 | D:1      | XOM: divination: detect items
   877 | D:2      | Reached XP level 4. HP: 28/28 MP: 4/4
   889 | D:2      | Gained mutation: You have claws for feet. [potion of mutation]
   889 | D:2      | Gained mutation: You tend to lose your temper in combat. [potion of mutation]
   889 | D:2      | Gained mutation: Your body is slowly deteriorating. [potion of mutation]
   991 | D:2      | XOM: give mutations
   991 | D:2      | Lost mutation: You tend to lose your temper in combat. [Xom's mischief]
   991 | D:2      | Gained mutation: Armour fits poorly on your strangely shaped body. [Xom's mischief]
  1179 | D:2      | XOM: harmless Fire miscast
  1447 | D:2      | XOM: harmless Hex miscast
  1573 | D:2      | Reached skill level 1 in Dodging
  1684 | D:2      | XOM: god gift: 25 gold pieces
  2358 | D:3      | Reached XP level 5. HP: 32/32 MP: 5/5
  2556 | D:3      | Reached skill level 5 in Maces & Flails
  2901 | D:4      | Found Dixkamar's Gadget Shoppe.
  3016 | D:4      | Slain by a worker ant

Action                   |  1- 3 |  4- 6 || total
-------------------------+-------+-------++-------
Melee: Mace              |    75 |   123 ||   198
  Use: Potion            |     1 |     1 ||     2
       Scroll            |       |    18 ||    18
